 BcadrenCrawl: Boulder Brew version 0.05.21-81-gd28e3044bd (webtiles) character file.

Game seed: 10202172212813995668, levelgen mode: deterministic

225 theanonym the Sneak (level 5, -2/35 HPs) Oozomorph Noble. Began on Sept 5, 2021. Slain by a sewer rat (3 damage) ... on level 2 of the Dungeon. The game lasted 00:03:56 (1310 turns).

theanonym the Sneak (Oozomorph Noble)               Turns: 1310, Time: 00:03:56

Health: -2/35      AC: 14    Str: 17    XL:     5 ^: 58
Magic:  8/8        EV:  3    Int: 11    God:
Gold:   100        SH:  0    Dex: 10    Spells: 8/8 levels left

rFire    . . .     Vision   x   a - +0 broad axe
rCold    + . .     Gourm    .   (no weapon)
rNeg     . . .     Faith    .   f - +0 helmet
rCorr    + + +     Spirit   .   b - +0 gold dragon scales
rPois    +         Reflect  .   (no armour)
rElec    +         Harm     .   (no armour)
MR       .....                  (no armour)
Stlth    ++........             (no armour)
HPRegen  0.21/turn              (nothing subsumed)
MPRegen  0.18/turn              d - amulet of the Air {-Vis +Fly rElec EV+5 RMsl, (Curse: rF-)} (curse)
                                (no ring)
                                (no ring)

@: hasted, repel missiles, very quick
A: cytoplasmic subsumption, amorphous body, gelatinous body 1
a: Subsume Item, Evoke Flight


Innate Abilities, Weirdness & Mutations

You may subsume any weapon, armour, or jewellery into your cytoplasm to benefit from its magical properties.
Your body is completely amorphous, allowing you to wear any combination of armour.
You have seven amorphous slots; replacing the normal gear slots.
Body armours and bardings take two slots, all other armours take one.
Your gelatinous form is immune to acid, constriction and sticky flames. (rCorr+, Slime)


   Skills:
 + Level 2.7 Fighting
 * Level 3.0 Axes & Hammers
 + Level 1.8 Armour
 + Level 3.1 Stealth
 + Level 2.1 Spellcasting


You had 8 spell levels left.
You didn't know any spells.
Your spell library was empty.

Skill      XL: |  1  2  3  4  5 |
---------------+----------------+-----
Axes & Hammers | 1 2 3 |  3.0
Stealth        | 2 3 |  3.1
Armour         | 1 |  1.8
Fighting       | 2 |  2.7
Spellcasting   | 2 |  2.1

Action                   |  1- 3 |  4- 6 || total
-------------------------+-------+-------++-------
Melee: Broad axe         |    89 |   137 ||   226
       Unarmed           |    73 |   116 ||   189
  Use: Potion            |       |     2 ||     2
 Stab: Sleeping          |     2 |     2 ||     4
  Eat: Chunk             |       |     1 ||     1
Armor: Skin              |   182 |   152 ||   334

Inventory:

Weapons
 a - a +0 broad axe (weapon)
Armour
 b - +0 gold dragon scales (worn)
 f - a +0 helmet (worn)
Jewellery
 d - the cursed amulet of the Air (around neck) {-Vis +Fly rElec EV+5 RMsl, (Curse: rF-)}

   [amulet of reduced vision]

   It blurs your vision.
   It affects your evasion (+5).
   It insulates you from electricity.
   It blurs your vision.
   It lets you fly.
   It protects you from missiles.
   It has a curse placed upon it.
   { (Curse: rF-)}
 j - an uncursed ring of wizardry
Scrolls
 g - a scroll of enchantment
Potions
 i - a potion of mutation
Comestibles
 e - a ration


You were on level 2 of the Dungeon.
You were near starving.

You visited 1 branch of the dungeon, and saw 2 of its levels.
You also visited: Market.

You collected 60 gold pieces.
You spent 960 gold pieces at shops.

Dungeon Overview and Level Annotations

Branches:
Dungeon (2/8)

Altars:

#### ###########
#... #≈.#....#≈####
#≈.≈##≈..≈.≈##≈≈.≈#
#....#.≈.†@#†...#
#≈##..####..#rr#
#...≈≈###..##r##
#≈.≈#.≈≈##.≈#≈.
#≈.###≈.≈#.≈#≈..
##. #≈.##..##..≈ ≈
##≈≈#..≈ #### ##
#..###.P ##..#


You could see 3 submerged sewer rats.

Notes
Turn   | Place    | Note
-------+----------+-------------------------------------------
     0 | Start Ma | theanonym the Oozomorph Noble began the quest for the Orb.
     0 | Start Ma | Reached XP level 1. HP: 13/13 MP: 2/2
     0 | Start Ma | Found Gigerrun's Mashing MeleeMart.
     0 | Start Ma | Found Ceum's Auxillary Armour.
    16 | Start Ma | Found Suxkat's Expert Tomes.
    45 | Start Ma | Bought +0 gold dragon scales for 800 gold pieces
    60 | Start Ma | Bought a +0 broad axe for 160 gold pieces
    68 | D:1      | theanonym set off with the following items: a +0 broad axe,
                  | +0 gold dragon scales, a ration
   113 | D:1      | HP: 5/13 [kobold/+2 short sword of speed (2)]
   114 | D:1      | HP: 2/13 [kobold/+2 short sword of speed (3)]
   201 | D:1      | Reached skill level 1 in Axes & Hammers
   201 | D:1      | Reached XP level 2. HP: 18/18 MP: 3/3
   309 | D:1      | Reached skill level 2 in Stealth
   319 | D:1      | Reached XP level 3. HP: 22/24 MP: 4/4
   371 | D:1      | Reached skill level 1 in Armour
   436 | D:1      | Reached skill level 2 in Fighting
   436 | D:1      | Reached skill level 2 in Axes & Hammers
   436 | D:1      | Reached XP level 4. HP: 29/29 MP: 6/6
   905 | D:1      | HP: 3/29 [drowned]
  1140 | D:2      | Noticed a big kobold
  1161 | D:2      | Killed a big kobold
  1161 | D:2      | Reached skill level 2 in Spellcasting
  1161 | D:2      | Reached XP level 5. HP: 20/35 MP: 6/8
  1207 | D:2      | Reached skill level 3 in Stealth
  1272 | D:2      | HP: 17/35 [sewer rat (1)]
  1277 | D:2      | HP: 14/35 [sewer rat (3)]
  1283 | D:2      | HP: 9/35 [sewer rat (6)]
  1284 | D:2      | HP: 4/35 [sewer rat (4)]
  1285 | D:2      | Reached skill level 3 in Axes & Hammers
  1290 | D:2      | HP: 1/35 [sewer rat (4)]
  1297 | D:2      | HP: 6/35 [sewer rat (2)]
  1305 | D:2      | HP: 3/35 [sewer rat (4)]
  1309 | D:2      | HP: 1/35 [sewer rat (3)]
  1310 | D:2      | Slain by a sewer rat

Vanquished Creatures
  A big kobold (D:2)
  4 giant cockroaches (D:1)
  4 sewer rats (D:2)
  3 cinder newts (D:1)
  A dart slug (D:1)
  A leopard gecko (D:1)
  4 goblins (D:1)
  8 hobgoblins (D:1)
  A ball python (D:2)
  5 bats (D:1)
  A goblin skeleton (D:2)
  8 kobolds
  A kobold skeleton (D:2)
  6 rats (D:1)
48 creatures vanquished.

Vanquished Creatures (others)
  5 butterflies (D:1)
  44 withered plants (D:2)
49 creatures vanquished.

Grand Total: 97 creatures vanquished

Table legend:
 A = Turns spent in this place as a percentage of turns spent in the entire game.
 B = Non-inter-level travel turns spent in this place as a percentage of non-inter-level travel turns spent in the entire game.
 C = Inter-level travel turns spent in this place as a percentage of turns spent in this place.
 D = Turns resting spent in this place as a percentage of non-inter-level travel turns spent in this place.
 E = Turns spent auto-exploring this place as a percentage of non-inter-level travel turns spent in this place.
 F = Non-inter-level travel turns spent in this place divided by the number of levels of this place that you've seen.
                   A       B       C       D       E      F
               +-------+-------+-------+-------+-------+----------------------
         Total | 100.0 | 100.0 |   4.5 |  19.0 |  46.9 | 417.0
       Dungeon |  94.8 |  94.6 |   4.8 |  20.1 |  46.7 | 591.5
        Market |   5.2 |   5.4 |   0.0 |   0.0 |  51.5 |  68.0
               +-------+-------+-------+-------+-------+----------------------
